 Dungeon Crawl Stone Soup version 0.23-a0-619-g281719c (webtiles) character file.

5 Leeroy the Charmwright (level 1, -5/16 HPs)
             Began as a Merfolk Skald on Dec 22, 2018.
             Slain by a hobgoblin
             ... wielding a +0 club
              (7 damage)
             ... on level 1 of the Dungeon.
             The game lasted 00:00:56 (157 turns).

Leeroy the Charmwright (Merfolk Skald)               Turns: 157, Time: 00:00:57

Health: -5/16      AC:  3    Str: 11    XL:     1   Next: 80%
Magic:  3/3        EV: 12    Int: 12    God:
Gold:   36         SH:  0    Dex: 13    Spells: 3/4 levels left

rFire    . . .     SeeInvis .   a - +0 falchion
rCold    . . .     Gourm    .   (no shield)
rNeg     . . .     Faith    .   b - +0 leather armour
rPois    .         Spirit   .   (no helmet)
rElec    .         Reflect  .   (no cloak)
rCorr    .         Harm     .   (no gloves)
MR       .....                  (no boots)
Stlth    +.........             (no amulet)
HPRegen  0.05/turn              (no ring)
MPRegen  0.08/turn              (no ring)

@: no status effects
A: change form in water, swift swim, stealthy swim
a: no special abilities


You were on level 1 of the Dungeon.
You were not hungry.

You visited 1 branch of the dungeon, and saw 1 of its levels.

You collected 36 gold pieces.

Inventory:

Hand Weapons
 a - a +0 falchion (weapon)
 e - a +0 dagger
Missiles
 f - 7 stones (quivered)
 j - 18 bolts
Armour
 b - a +0 leather armour (worn)
Jewellery
 k - a +3 ring of protection {unknown}
Scrolls
 c - a scroll of remove curse {unknown}
 g - a scroll of blinking {unknown}
 l - a scroll of random uselessness {unknown}
Potions
 i - a potion of agility {unknown}
 m - 2 potions of ambrosia {unknown}
 n - a potion of brilliance {unknown}
Comestibles
 d - a ration
 h - 3 chunks of flesh


   Skills:
 - Level 2.1 Fighting
 * Level 2.4 Long Blades
 - Level 0.6 Armour
 - Level 2.6 Dodging
 - Level 2.0 Spellcasting
 + Level 3.5 Charms


You had 3 spell levels left.
You knew the following spells:

 Your Spells              Type           Power        Failure   Level  Hunger
a - Infusion              Chrm           #...         9%          1    ##.....

Your spell library contained the following spells:

 Spells                   Type           Power        Failure   Level  Hunger
 Song of Slaying          Chrm           #.......     12%         2    ###....
 Shroud of Golubria       Chrm/Tloc      #.........   26%         2    ###....
 Regeneration             Chrm/Necr      #.........   45%         3    ####...
 Spectral Weapon          Hex/Chrm       #.......     45%         3    ####...


Dungeon Overview and Level Annotations

Branches:
Dungeon (1/15)

Altars:


Message History

The kobold barely misses you.
You closely miss the kobold.
The kobold hits you but does no damage. x2
The hobgoblin shouts!
You hit the kobold but do no damage. The kobold barely misses you.
You closely miss the kobold. The kobold hits you with a +0 dagger.
You hit the kobold.
You kill the kobold!
The hobgoblin hits you but does no damage.
Things that are here:
a +0 dagger; a kobold corpse You closely miss the hobgoblin.
The hobgoblin barely misses you.
You hit the hobgoblin but do no damage. The hobgoblin barely misses you.
You hit the hobgoblin.
The hobgoblin is almost dead.
The hobgoblin hits you with a +0 club.
* * * LOW HITPOINT WARNING * * *
You closely miss the hobgoblin.
The hobgoblin is almost dead.
The hobgoblin hits you with a +0 club!
You die...

#.###.# ..#...# #.# #.
###.### #.. #.# #####
....# #.# #.# ..%.#
#.### #.# #.. ....#
..# #.# #.###....# ###
#.# #........# #.#
#........#
#########.###...@g...#
..............###....#
.##############
....... .##########
###.... ......##...
... .........# ##
....####.# .........#
## .....#...#...#


You could see a hobgoblin.

Vanquished Creatures
  A goblin (D:1)
  A frilled lizard (D:1)
  4 kobolds (D:1)
  A rat (D:1)
7 creatures vanquished.

Notes
Turn   | Place    | Note
-------+----------+-------------------------------------------
     0 | D:1      | Leeroy the Merfolk Skald began the quest for the Orb.
     0 | D:1      | Reached XP level 1. HP: 16/16 MP: 3/3
   157 | D:1      | Slain by a hobgoblin

Vault maps used:
D:1:      psy_arrival_radial02, minmay_tetromino_i4

Action                   || total
-------------------------++-------
Melee: Falchion          ||    27
Throw: Stone             ||     1
Armor: Leather armour    ||     8
Dodge: Dodged            ||    16
       Rpst.: Falchion   ||     4

Table legend:
 A = Non-vault XP
 B = Vault XP
 C = Vault XP percentage of total XP
 D = Non-vault monster count
 E = Vault monster count
 F = Vault count percentage of total count
                 A         B        C        D         E       F
            +---------+---------+-------+---------+---------+-------
      Total |       3 |       5 |  62.5 |       3 |       4 |  57.1
            +---------+---------+-------+---------+---------+-------
        D:1 |       3 |       5 |  62.5 |       3 |       4 |  57.1
            +---------+---------+-------+---------+---------+-------
